 Dungeon Crawl Stone Soup version 0.25-a0-589-g1e14c549ee (webtiles) character file.

Game seed: 2381930228022651025, levelgen mode: deterministic

22500 HailSeitan the Arsonist (level 13, -1/135 HPs)
             Began as an Ogre Fire Elementalist on Mar 9, 2020.
             Was an Elder of Vehumet.
             Slain by a wyvern (16 damage)
             ... on level 13 of the Dungeon.
             The game lasted 00:49:51 (18259 turns).

HailSeitan the Arsonist (Ogre Fire Elementalist)   Turns: 18259, Time: 00:49:52

Health: -1/135     AC: 10    Str: 15    XL:     13   Next: 0%
Magic:  8/26       EV:  9    Int: 20    God:    Vehumet [****..]
Gold:   764        SH: 10    Dex:  9    Spells: 12/30 levels left

rFire    . . .     SeeInvis .   k - +3 spear (venom)
rCold    . . .     Gourm    .   a - +0 kite shield
rNeg     . . .     Faith    .   G - +0 steam dragon scales
rPois    +         Spirit   .   (helmet restricted)
rElec    .         Reflect  .   i - +1 cloak
rCorr    .         Harm     +   (gloves unavailable)
MR       +....                  (boots unavailable)
Stlth    +.........             e - amulet of harm
HPRegen  0.32/turn              y - +2 ring of protection
MPRegen  0.20/turn              D - ring of poison resistance

@: very slightly contaminated
A: large, unfitting armour, tough skin 1
a: Renounce Religion


You were on level 13 of the Dungeon.
You worshipped Vehumet.
Vehumet was greatly pleased with you.
You were hungry.

You visited 2 branches of the dungeon, and saw 14 of its levels.
You also visited: Sewer.

You collected 764 gold pieces.

Inventory:

Hand Weapons
 d - a +0 mace
 k - a +3 spear of venom (weapon)
 o - a +3 vorpal quarterstaff
 x - a +4 flail of protection
 B - the +0 battleaxe of the End of Times {flame, rElec rN+ Int+4}
   (You found it on level 12 of the Dungeon)

   It has been specially enchanted to burn those struck by it, causing extra
   injury to most foes and up to half again as much damage against particularly
   susceptible opponents.
   Big, fiery blades are also staple armaments of hydra-hunters.
   It affects your intelligence (+4).
   It insulates you from electricity.
   It protects you from negative energy.
Armour
 a - a +0 kite shield (worn)
 i - a +1 cloak (worn)
 C - a +0 robe of positive energy
 G - +0 steam dragon scales (worn)
Jewellery
 e - an amulet of harm (around neck)
 y - a +2 ring of protection (left hand)
 D - a ring of poison resistance (right hand)
 E - an uncursed ring of protection from cold
 H - an uncursed ring of ice
Wands
 g - a wand of clouds (3)
 m - a wand of scattershot (9)
 p - a wand of flame (70)
 z - a wand of enslavement (15)
 M - a wand of iceblast (30)
Scrolls
 b - 3 scrolls of teleportation
 f - 5 scrolls of immolation
 h - 4 scrolls of enchant weapon
 j - 4 scrolls of remove curse
 A - a scroll of fog
 O - a scroll of holy word
Potions
 l - 3 potions of stabbing
 n - 6 potions of lignification
 q - 7 potions of curing
 r - 2 potions of cancellation
 s - 2 potions of brilliance
 t - 4 potions of heal wounds
 u - 2 potions of flight
 w - 2 potions of might
 I - 2 potions of ambrosia
 K - a potion of magic
 L - a potion of haste
Miscellaneous
 v - a box of beasts
 N - a phantom mirror
Comestibles
 c - 15 rations
 J - 4 chunks of flesh


   Skills:
 - Level 10.6 Fighting
 + Level 0.1(0.7) Axes
 - Level 1.2(1.3) Polearms
 - Level 1.7 Dodging
 - Level 1.4 Stealth
 * Level 8.1 Shields
 - Level 9.3 Spellcasting
 - Level 8.6 Conjurations
 - Level 11.7 Fire Magic
 - Level 1.0 Earth Magic


You had 12 spell levels left.
You knew the following spells:

 Your Spells              Type           Power        Failure   Level  Hunger
a - Foxfire               Conj/Fire      ####         1%          1    None
c - Sticky Flame          Conj/Fire      ######..     1%          4    ###....
d - Fireball              Conj/Fire      ######....   1%          5    #####..
e - Mephitic Cloud        Conj/Pois/Air  ###.....     2%          3    None
f - Swiftness             Chrm/Air       #.......     13%         2    None
g - Stone Arrow           Conj/Erth      ####..       1%          3    None

Your spell library contained the following spells:

 Spells                   Type           Power        Failure   Level  Hunger
 Magic Dart               Conj           ####         1%          1    None
 Sandblast                Erth           ##....       1%          1    None
 Shock                    Conj/Air       ####         1%          1    None
 Conjure Flame            Conj/Fire      ######..     1%          3    None
 Inner Flame              Hex/Fire       ####....     1%          3    None
 Static Discharge         Conj/Air       ####....     1%          3    None
 Lightning Bolt           Conj/Air       ####......   11%         5    #####..
 Blink                    Tloc           N/A          13%         2    None
 Call Imp                 Summ           #.......     13%         2    None
 Slow                     Hex            #.......     13%         2    None
 Airstrike                Air            #.........   22%         4    ###....
 Conjure Ball Lightning   Conj/Air       ####......   47%         6    ######.
 Summon Lightning Spire   Summ/Air       #.......     65%         4    ###....
 Deflect Missiles         Chrm/Air       #.........   100%        6    ######.
 Malign Gateway           Summ/Tloc      #.........   100%        7    #######
 Monstrous Menagerie      Summ           #.........   100%        7    #######
 Summon Greater Demon     Summ           #.........   100%        7    #######
 Summon Horrible Things   Summ           #.........   100%        8    #######


Dungeon Overview and Level Annotations

Branches:
Dungeon (13/15)            Temple (1/1) D:6            Lair (0/6) D:10
    Orc (0/2) D:10          Sewer (visited)
 Vaults: D:13-14

Altars:
Ashenzari
Cheibriados
Fedhas
Hepliaklqana
Kikubaaqudgha
Makhleb
Nemelex Xobeh
Uskayaw
Vehumet
Xom
Yredelemnul
Zin
The Shining One

Portals:
Trove: D:11 (give 6 potions of stabbing)

Annotations:
D:3 1 runed translucent door, Thargor's ghost, amateur GrMo
D:6 3 runed translucent doors, daodarkstar's ghost, novice GrFi


Innate Abilities, Weirdness & Mutations

You are too large for most types of armour.
You have tough skin. (AC +1)


Message History

Blink to where?
Press: ? - help, Dir - move target cursor You are very lightly contaminated with residual magic.
As you read the scroll of blinking, it crumbles to dust.
The white ugly thing gurgles horribly!
Okay, then.
Okay, then.
Okay, then.
Blink to where?
Press: ? - help, Dir - move target cursor
As you read the scroll of blinking, it crumbles to dust.
The yak bellows!
You feel much better. You block the wyvern's attack.
The wyvern completely misses you. The wyvern bites you!
* * * LOW HITPOINT WARNING * * *
A hungry ghost comes into view.
The wyvern bites you.
* * * LOW HITPOINT WARNING * * *
The wyvern bites you!
You die...

*####*** ......,* ****** ......,*
*,,,,, ......,**##### #########
*,,,,, ......,*,,...# #..(....#
*,,,,,
.......#.###.###.......###**,,,,,
......Y..Y.Ycu((..........,,,,,,,
......Y#.###(###.......#****,,,,,
######.#,* #<# #@.>....#****,,,,,
### #.#.#######l......#*,,,,,,,,
..# #Y#....Y..Zu....W.#*,,,,,,,,
#.# ##.#..∩.....####......,,,,,,,
#.# #...........# *....l.,,,,,,,
#.# #.)##.......# *.l....,,,,,,,
..# #Y.##.......# *,.....,,,,,,,
#.###§.##.......# **##.#.,,,,,,,
#..##(T##.......# *,*********


You could see a white ugly thing, a hungry ghost, a wyvern and a bullfrog
zombie.

Vanquished Creatures
  Kirke (D:12)
  Nessos (D:12)
  Josephine (D:10)
  A centaur warrior (D:13)
  2 two-headed ogres
  3 wizards (D:12)
  A deep elf mage (D:12)
  2 ugly things
  4 slime creatures
  Psyche (D:8)
  Maggie (D:7)
  2 trolls
  A wind drake (shapeshifter) (D:4)
  2 hippogriffs (D:12)
  A shadow (D:13)
  A spriggan (shapeshifter) (D:13)
  16 yaks
  6 wraiths
  6 hogs (D:12)
  A soldier ant (D:12)
  4 hungry ghosts
  Edmund (D:6)
  A two-headed ogre zombie (D:10)
  A water moccasin (D:5)
  5 black bears
  2 porcupines (D:10)
  3 orc warriors
  An ice beast (D:7)
  4 phantoms
  4 sky beasts
  7 ogres
  7 centaurs
  4 big kobolds
  11 bullfrogs
  2 gnoll sergeants
  4 scorpions
  A troll zombie (D:10)
  2 howler monkeys (D:8)
  A lava snake (D:11)
  A bullfrog zombie (D:10)
  3 centaur zombies
  5 crimson imps
  9 hounds
  A quasit (D:11)
  4 bullfrog skeletons
  A centaur skeleton (D:8)
  7 orc priests
  10 jellies
  Crazy Yiuf (D:2)
  4 iguanas
  7 orc wizards
  4 worker ants
  6 ogre zombies (D:10)
  2 worker ant zombies
  10 gnolls
  10 adders
  4 shadow imps
  2 oozes
  2 adder skeletons
  3 worms
  4 dart slugs
  5 leopard geckos
  19 orcs
  3 giant cockroaches
  6 goblins
  8 hobgoblins
  4 jackals
  20 kobolds
  7 quokkas
  3 ball pythons
  5 bats
  2 frilled lizards
  3 goblin skeletons (D:10)
  5 goblin zombies (D:10)
  4 hobgoblin zombies (D:10)
  2 orc skeletons (D:10)
  11 orc zombies (D:10)
  11 rats
  A fungus (D:2)
338 creatures vanquished.

Vanquished Creatures (others)
  A human (D:6)
  351 foxfires
  38 fungi
  22 plants (D:10)
412 creatures vanquished.

Grand Total: 750 creatures vanquished

Notes
Turn   | Place    | Note
-------+----------+-------------------------------------------
     0 | D:1      | HailSeitan the Ogre Fire Elementalist began the quest for
                  | the Orb.
     0 | D:1      | Reached XP level 1. HP: 16/16 MP: 3/3
    92 | D:1      | Reached skill level 3 in Fire Magic
   112 | D:1      | Reached XP level 2. HP: 17/24 MP: 0/5
   575 | D:1      | Reached XP level 3. HP: 31/31 MP: 4/6
   969 | D:2      | Learned a level 3 spell: Conjure Flame
  1028 | D:2      | Reached skill level 4 in Fire Magic
  1242 | D:2      | Reached XP level 4. HP: 34/39 MP: 5/7
  1589 | D:2      | Found a runed translucent door.
  1590 | D:2      | Noticed Crazy Yiuf
  1627 | D:2      | Killed Crazy Yiuf
  2006 | D:3      | Reached skill level 5 in Fire Magic
  2025 | D:3      | Reached XP level 5. HP: 12/45 MP: 6/8
  2293 | D:3      | Found a sparkling altar of Nemelex Xobeh.
  2484 | D:3      | Found a glowing drain.
  2499 | Sewer    | Entered a sewer
  2908 | Sewer    | Noticed a big kobold
  2908 | Sewer    | Noticed a big kobold
  2928 | Sewer    | Killed a big kobold
  2928 | Sewer    | Reached XP level 6. HP: 41/53 MP: 0/12
  3284 | D:3      | Learned a level 4 spell: Sticky Flame
  3357 | D:3      | Reached skill level 1 in Conjurations
  3474 | D:3      | Found a runed translucent door.
  3477 | D:3      | Noticed Thargor's ghost (amateur GrMo)
  3691 | D:4      | Reached XP level 7. HP: 56/59 MP: 14/14
  4067 | D:4      | Found a shimmering altar of Xom.
  4097 | D:4      | Reached skill level 1 in Fighting
  4405 | D:5      | Entered Level 5 of the Dungeon
  4406 | D:5      | Noticed a shapeshifter
  4406 | D:5      | a gnoll changed into a shapeshifter
  4406 | D:5      | Noticed a salamander
  4406 | D:5      | a shapeshifter changed into a salamander
  4426 | D:4      | Noticed a shapeshifter
  4426 | D:4      | a salamander changed into a shapeshifter
  4428 | D:4      | Noticed a queen bee
  4668 | D:4      | Noticed a yak
  4668 | D:4      | a queen bee changed into a yak
  4670 | D:4      | Noticed a wind drake
  4670 | D:4      | a yak changed into a wind drake
  4675 | D:4      | Killed a wind drake
  4722 | D:5      | Reached XP level 8. HP: 62/79 MP: 13/15
  4801 | D:5      | Reached skill level 5 in Fighting
  5119 | D:5      | Found a snail-covered altar of Cheibriados.
  5120 | D:5      | Found a hazy altar of Hepliaklqana.
  5122 | D:5      | Found a shattered altar of Ashenzari.
  5122 | D:5      | Found a glowing golden altar of the Shining One.
  5126 | D:5      | Found a basalt altar of Yredelemnul.
  5126 | D:5      | Found a blossoming altar of Fedhas.
  5127 | D:5      | Found a glowing silver altar of Zin.
  5220 | D:5      | Reached skill level 1 in Polearms
  5912 | D:6      | Reached skill level 6 in Fire Magic
  6045 | D:6      | Noticed Edmund
  6060 | D:6      | Killed Edmund
  6073 | D:6      | Found a runed translucent gate.
  6074 | D:6      | Found a runed translucent gate.
  6075 | D:6      | Found a runed translucent gate.
  6077 | D:6      | Noticed daodarkstar's ghost (novice GrFi)
  6179 | D:6      | Reached skill level 7 in Fire Magic
  6179 | D:6      | Reached XP level 9. HP: 90/93 MP: 11/16
  6832 | D:6      | Found an ancient bone altar of Kikubaaqudgha.
  6995 | D:6      | Found a staircase to the Ecumenical Temple.
  7303 | Temple   | Entered the Ecumenical Temple
  7370 | Temple   | Became a worshipper of Vehumet
  7455 | D:7      | Reached skill level 8 in Fire Magic
  7798 | D:7      | Noticed Maggie
  7806 | D:7      | Learned a level 5 spell: Fireball
  8544 | D:7      | Reached skill level 9 in Fire Magic
  8778 | D:7      | Reached * piety under Vehumet
  8778 | D:7      | Offered knowledge of Freeze by Vehumet.
  9168 | D:8      | Noticed Psyche
  9177 | D:8      | Paralysed by Psyche for 2 turns
  9183 | D:8      | Killed Psyche
  9183 | D:8      | Reached skill level 10 in Fire Magic
  9367 | D:8      | Reached XP level 10. HP: 40/102 MP: 9/17
  9607 | D:8      | Reached skill level 5 in Spellcasting
 10402 | D:7      | Killed Maggie
 10820 | D:9      | Offered knowledge of Magic Dart by Vehumet.
 10820 | D:9      | Reached ** piety under Vehumet
 11851 | D:10     | Entered Level 10 of the Dungeon
 11855 | D:10     | Offered knowledge of Frozen Ramparts by Vehumet.
 12399 | D:10     | Reached *** piety under Vehumet
 12423 | D:10     | Found a staircase to the Orcish Mines.
 12479 | D:10     | Offered knowledge of Fulminant Prism by Vehumet.
 12679 | D:10     | Noticed a two-headed ogre
 12699 | D:10     | Killed a two-headed ogre
 12699 | D:10     | Reached skill level 10 in Fighting
 12699 | D:10     | Reached XP level 11. HP: 96/119 MP: 14/24
 12708 | D:10     | Learned a level 3 spell: Mephitic Cloud
 12711 | D:10     | Learned a level 2 spell: Swiftness
 12780 | D:10     | Noticed Josephine
 12831 | D:10     | Identified the +11 falchion of Unpleasantness {holy, MR+}
 12844 | D:10     | Killed Josephine
 12908 | D:10     | Reached skill level 11 in Fire Magic
 13064 | D:10     | Reached **** piety under Vehumet
 13087 | D:10     | Offered knowledge of Stone Arrow by Vehumet.
 13278 | D:10     | Found a staircase to the Lair.
 13996 | D:10     | Reached skill level 5 in Conjurations
 14335 | D:11     | Noticed a purple ugly thing
 14343 | D:11     | Killed a purple ugly thing
 14506 | D:11     | Found a portal to a secret trove of treasure.
 14684 | D:11     | Learned a level 3 spell: Stone Arrow
 15142 | D:12     | Noticed Nessos
 15340 | D:12     | Killed Nessos
 15340 | D:12     | Reached XP level 12. HP: 59/128 MP: 5/25
 16007 | D:12     | Noticed a two-headed ogre
 16022 | D:12     | Killed a two-headed ogre
 16022 | D:12     | Reached skill level 1 in Earth Magic
 16188 | D:12     | Noticed Kirke
 16192 | D:12     | Reached skill level 1 in Shields
 16339 | D:12     | Killed Kirke
 16627 | D:12     | Reached skill level 5 in Shields
 16671 | D:12     | Identified the Handbook of Dhcmrlchtdj
 16678 | D:12     | Identified Sif Muna's Catalogue of Combed Thunderclap
 16839 | D:12     | Identified Baoxkeum's Handbook of Axaxaxas mlö
 17129 | D:12     | Got a faintly glowing battleaxe
 17130 | D:12     | Identified the cursed +0 battleaxe of the End of Times
                  | {flame, rElec rN+ Int+4} (You found it on level 12 of the
                  | Dungeon)
 17790 | D:13     | Noticed a centaur warrior
 18108 | D:13     | Killed a centaur warrior
 18234 | D:13     | Reached XP level 13. HP: 22/135 MP: 6/26
 18253 | D:13     | HP: 2/135 [troll (15)]
 18259 | D:13     | Slain by a wyvern

Levels and vault maps discovered:
D:1:      wheals_arrival_shading, layout_basic, minmay_heptomino_l4
D:2:      layout_loops_ring, minmay_fountain_box, uniq_crazy_yiuf_cottage
D:3:      layout_loops_corners, nicolae_overflow_crystal_walls,
          ebering_ghost_inner_flame, first_ration, portal_sewer_entry_d
D:4:      layout_loops_cross, lemuel_coloured_pillars_altar
D:5:      layout_loops_ring, grunt_temple_overflow_open
D:6:      layout_layer_cave, minmay_temple_entry_enclosed_plants,
          gammafunk_ghost_necromancy, minmay_misc_feat_secret_circle,
          tgw_kikubaaqudgha, uniq_edmund
D:7:      layout_rooms, serial_rivers, chequers_serial_rivers_room_a,
          chequers_serial_rivers_micro_c, chequers_serial_rivers_large_b,
          chequers_serial_rivers_marsh, minmay_fractal_squares_diagonal_5,
          uniq_maggie
D:8:      layout_loops_cross, blue_anna_alchemist [blue_anna_fruit_fields,
          blue_anna_fruit_fields], uniq_psyche
D:9:      layout_roguey
D:10:     layout_basic, due_lair_maze_entry_diamond, zombieorc2_lemuel,
          hangedman_corner_corridor, uniq_josephine
D:11:     layout_gridville, enter_trove_1, kennysheep_generic_room_9
D:12:     layout_layer_cave, st_stairs_9, bh_hangedman_babel_library,
          uniq_kirke, uniq_nessos
D:13:     layout_basic, gauntlet_entry_generic
Temple:   nicolae_temple_figure_eight

Skill      XL: |  1  2  3  4  5  6  7  8  9 10 11 12 |
---------------+-------------------------------------+-----
Fire Magic     | 3 4 5 7 10 11 | 11.7
Spellcasting   | 4 9 |  9.3
Conjurations   | 3 4 7 8 |  8.6
Fighting       | 4 7 10 | 10.6
Polearms       | 1 |  1.2
Earth Magic    | 1 |  1.0
Shields        | 8 |  8.1
Axes           | |  0.1
Dodging        | |  1.7
Stealth        | |  1.4

Action                   |  1- 3 |  4- 6 |  7- 9 | 10-12 | 13-15 || total
-------------------------+-------+-------+-------+-------+-------++-------
Melee: Unarmed           |    50 |    51 |       |       |       ||   101
       Quarterstaff      |       |    48 |    30 |     6 |       ||    84
       Spear             |       |       |   198 |   349 |     1 ||   548
 Cast: Foxfire           |    38 |    69 |    67 |    53 |       ||   227
       Conjure Flame     |       |     1 |       |       |       ||     1
       Sticky Flame      |       |       |    19 |    67 |     1 ||    87
       Fireball          |       |       |     3 |    70 |       ||    73
       Stone Arrow       |       |       |       |     5 |       ||     5
  Use: Potion            |       |       |     6 |     2 |     1 ||     9
       Scroll            |       |       |    13 |     8 |     2 ||    23
 Stab: Sleeping          |     3 |     2 |     7 |     1 |       ||    13
  Eat: Chunk             |     1 |     9 |    15 |    33 |       ||    58
       Ration            |       |       |     2 |     5 |       ||     7
Armor: Robe              |    17 |    21 |    77 |     7 |       ||   122
       Steam dragon scal |       |       |       |   178 |       ||   178
Dodge: Dodged            |    31 |    45 |   108 |   189 |     3 ||   376
Block: Kite shield       |       |       |       |    11 |     6 ||    17

Table legend:
 A = Non-vault XP
 B = Vault XP
 C = Vault XP percentage of total XP
 D = Non-vault monster count
 E = Vault monster count
 F = Vault count percentage of total count
                 A         B        C        D         E       F
            +---------+---------+-------+---------+---------+-------
      Total |   18349 |   13794 |  42.9 |     225 |     112 |  33.2
            +---------+---------+-------+---------+---------+-------
        D:1 |      26 |      13 |  33.3 |      16 |       4 |  20.0
        D:2 |      77 |      39 |  33.6 |      19 |       1 |   5.0
        D:3 |      52 |      14 |  21.2 |      14 |       1 |   6.7
        D:4 |     748 |       0 |   0.0 |      16 |       0 |   0.0
        D:5 |     766 |       0 |   0.0 |      17 |       0 |   0.0
        D:6 |     649 |     162 |  20.0 |      16 |       1 |   5.9
        D:7 |    1014 |     519 |  33.9 |      24 |       4 |  14.3
        D:8 |     608 |     519 |  46.1 |      16 |       2 |  11.1
        D:9 |    1731 |       0 |   0.0 |      20 |       0 |   0.0
       D:10 |    3643 |    4347 |  54.4 |      25 |      59 |  70.2
       D:11 |    1796 |     322 |  15.2 |      13 |       2 |  13.3
       D:12 |    4902 |    7639 |  60.9 |      20 |      14 |  41.2
       D:13 |    2337 |       0 |   0.0 |       9 |       0 |   0.0
      Sewer |       0 |     220 | 100.0 |       0 |      24 | 100.0
            +---------+---------+-------+---------+---------+-------
